 Dungeon Crawl Stone Soup version 0.28.0-53-g5a82cb258f (webtiles) character file.

Game seed: 10782248713269637185

417 Diplodocus the Chopper (level 6, -3/57 HPs)
             Began as a Hill Orc Fighter on June 16, 2022.
             Slain by Pikel
             ... wielding a +1 whip of freezing
              (4 damage)
             ... on level 3 of the Dungeon.
             The game lasted 00:30:28 (3732 turns).

Diplodocus the Chopper (Hill Orc Fighter)           Turns: 3732, Time: 00:30:28

Health: -3/57      AC:  8    Str: 21      XL:     6   Next: 93%
Magic:  6/6        EV:  9    Int:  7 (8)  God:
Gold:   145        SH:  5    Dex: 15 (16) Spells: 5/5 levels left

rFire   x . .      SeeInvis .   t - +2 demon trident (venom)
rCold   + . .      Faith    .   c - +0 buckler
rNeg    . . .      Spirit   .   b - +0 scale mail
rPois   .          Reflect  .   (no helmet)
rElec   .          Harm     .   (no cloak)
rCorr   .          Rampage  .   l - +0 pair of gloves
Will    .....                   (no boots)
Stlth   ..........              j - amulet of magic regeneration
HPRegen 0.19/turn               k - +6 ring of dexterity
MPRegen 0.50/turn               v - ring of ice

@: no status effects
A: no striking features
a: no special abilities


You were on level 3 of the Dungeon.
You visited 1 branch of the dungeon, and saw 4 of its levels.

You collected 145 gold pieces.

Inventory:

Hand Weapons
 a - a +0 war axe
 o - a +0 flail of venom
 t - a +2 demon trident of venom (weapon)
Armour
 b - a +0 scale mail (worn)
 c - a +0 buckler (worn)
 l - a +0 pair of gloves (worn)
Jewellery
 j - an amulet of magic regeneration (around neck)
 k - a +6 ring of dexterity (left hand)
 p - an amulet of faith
 v - a ring of ice (right hand)
Wands
 n - a wand of iceblast (8)
 r - a wand of charming (6)
Scrolls
 d - a scroll of enchant armour {unknown}
 e - a scroll of blinking
 f - a scroll of silence {unknown}
 g - 3 scrolls of identify {unknown}
 h - 2 scrolls of torment {unknown}
 i - a scroll of brand weapon {unknown}
 q - a scroll of holy word {unknown}
Potions
 m - a potion of invisibility {unknown}
 u - a potion of brilliance


   Skills:
 * Level 5.8 Fighting
 - Level 6.1(6.2) Axes
 * Level 1.0(3.3) Polearms
 + Level 5.0 Armour
 - Level 0.3 Dodging
 - Level 3.3 Shields


You had 5 spell levels left.
You didn't know any spells.
Your spell library was empty.

Dungeon Overview and Level Annotations

Branches:
Dungeon (4/15)
 Temple: D:4-7

Altars:
Kikubaaqudgha

Shops:
D:4 (

Annotations:
D:3 Pikel


Message History

You hit Pikel but do no damage.
Pikel is heavily wounded.
Pikel closely misses you.
You barely miss Pikel.
Pikel is heavily wounded.
Pikel hits you with a +1 whip of freezing.
You hit Pikel but do no damage.
Pikel looks as sick as possible!
Pikel is heavily wounded.
You block Pikel's attack.
You closely miss Pikel.
Pikel is severely wounded.
Pikel completely misses you.
You barely miss Pikel.
Pikel is severely wounded.
Pikel hits you with a +1 whip of freezing!
Pikel freezes you.
You hit Pikel.
Pikel looks as sick as possible!
Pikel is severely wounded.
Pikel hits you but does no damage. You block Pikel's attack.
You hit Pikel but do no damage.
Pikel looks as sick as possible!
Pikel is severely wounded.
You block Pikel's attack.
You closely miss Pikel.
Pikel is severely wounded.
Pikel hits you with a +1 whip of freezing!
* * * LOW HITPOINT WARNING * * *
Pikel freezes you.
* * * LOW HITPOINT WARNING * * *
You closely miss Pikel.
Pikel is almost dead.
Pikel hits you but does no damage.
You hit Pikel but do no damage.
Pikel looks as sick as possible!
Pikel is almost dead.
Pikel hits you with a +1 whip of freezing!
* * * LOW HITPOINT WARNING * * *
Pikel freezes you.
* * * LOW HITPOINT WARNING * * *
It was a potion of cancellation.
You feel magically purged.
Pikel hits you with a +1 whip of freezing.
You die...

#..#####....##......>[...
#.##8.8##....##.....#####
#.#.....#.....#.....#
#.#.._..#.._..#....######
#.#.....#.....#...####...
#.##....##8.8##..###...##
##..##....#####..####(###
#....##.÷.K.##........#
#...⌠.##.@.##.⌠...#####
## #......#####.....## #.
#................# #.
#...............## #.
############.##..## ###.
#.###..#####... #.#
##..#.....# #.#
##.......#
####.#######....)#


You could see Pikel (extremely poisoned).

Vanquished Creatures
  3 lemures
  A scorpion (D:3)
  A howler monkey (D:4)
  2 hounds
  A centaur zombie (D:3)
  Ijyb (D:3)
  2 iguanas (D:4)
  2 gnolls
  5 adders
  An adder skeleton (D:4)
  2 dart slugs
  5 orcs (D:4)
  5 ball pythons
  7 endoplasms (D:1)
  5 giant cockroaches
  10 goblins
  5 hobgoblins
  2 jackals (D:3)
  3 kobolds
  5 quokkas
  9 bats
  4 frilled lizards
  4 rats
85 creatures vanquished.

Notes
Turn   | Place    | Note
-------+----------+-------------------------------------------
     0 | D:1      | Diplodocus the Hill Orc Fighter began the quest for the
                  | Orb.
     0 | D:1      | Reached XP level 1. HP: 19/19 MP: 1/1
   117 | D:1      | Reached XP level 2. HP: 23/27 MP: 2/2
   160 | D:1      | \
   219 | D:1      | Reached skill level 3 in Axes
   465 | D:1      | Reached XP level 3. HP: 33/33 MP: 3/3
   475 | D:1      | Found a faded altar of an unknown god.
   924 | D:2      | Reached skill level 4 in Axes
   924 | D:2      | Reached XP level 4. HP: 29/41 MP: 4/4
  1652 | D:3      | Found a faded altar of an unknown god.
  1660 | D:3      | Found an ancient bone altar of Kikubaaqudgha.
  1971 | D:3      | Reached XP level 5. HP: 39/47 MP: 5/5
  2188 | D:3      | Reached skill level 5 in Axes
  2469 | D:3      | Reached skill level 5 in Fighting
  2544 | D:4      | Noticed Ijyb
  2562 | D:3      | Killed Ijyb
  2811 | D:3      | Reached XP level 6. HP: 35/56 MP: 6/6
  3051 | D:4      | Found Pusiohar's Weapon Boutique.
  3120 | D:4      | Reached skill level 6 in Axes
  3401 | D:4      | Reached skill level 1 in Polearms
  3401 | D:4      | Reached skill level 5 in Armour
  3411 | D:4      | Noticed Pikel
  3731 | D:3      | HP: 1/57 [Pikel/+1 whip of freezing (2)]
  3732 | D:3      | Slain by Pikel

Illustrated notes

##############
##.....##.....##
##..............##
#................#
#................#
#................# #
#...........@....# #
#................#
#####.....†.........g...#
...##.............J..##.#
...)†........#..##.#.# #
####.........#...#$##.#
...###..........#.#( ##
##...###....#..##.##. #
##........


Turn 160 on D:1: \

Levels and vault maps discovered:
D:1:      dpeg_arrival_central, layout_rooms, basic_ecumenical_altar,
          minmay_tromino_v7
D:2:      layout_loops_ring
D:3:      layout_rooms, nicolae_overflow_ecumenical_swirl, minivault_4,
          minmay_misc_feat_tower
D:4:      layout_loops_corners, amethyst_overflow_temple_binary, serial_shops,
          nicolae_diamond_shop, uniq_ijyb, uniq_pikel

Skill      XL: |  1  2  3  4  5  6 |
---------------+-------------------+-----
Fighting       | 4 5 |  5.8
Axes           | 3 4 5 6 |  6.1
Armour         | 4 5 |  5.0
Polearms       | 1 |  1.0
Dodging        | |  0.3
Shields        | |  3.3

Action                   |  1- 3 |  4- 6 || total
-------------------------+-------+-------++-------
Melee: War axe           |    64 |   146 ||   210
       Demon trident     |       |    56 ||    56
  Use: Potion            |     1 |     5 ||     6
       Scroll            |       |     1 ||     1
Armor: Scale mail        |    22 |    96 ||   118
Dodge: Dodged            |    22 |   114 ||   136
Block: Buckler           |    14 |    54 ||    68
